 Dungeon Sprint DCSS version 0.31-a0-986-g5e6e4ef867 (webtiles) character file.

Game seed: 14305179251202107909

21 fozzywoppz the Trooper (level 2, 0/25 HPs)
             Began as a Demonspawn Berserker on Nov 10, 2023.
             Was a Believer of Trog.
             Slain by a scorpion (6 damage)
             ... in the Dungeon (Sprint III: "The Ten Rune Challenge").
             The game lasted 00:01:02 (120 turns).

fozzywoppz the Trooper (Demonspawn Berserker)        Turns: 120, Time: 00:01:03

Health: 0/25       AC:  6    Str: 17    XL:     2   Next: 65%
Magic:  2/2        EV: 11    Int:  8    God:    Trog [**....]
Gold:   0          SH:  0    Dex: 12    Spells: 1/1 levels left

rFire   . .          .
                       - Unarmed
rCold   . . .        (no shield)
rNeg    . . .        h - +0 ring mail
rPois   .            (no helmet)
rElec   .            (no cloak)
rCorr   .            (no gloves)
SInv    .            (no boots)
Will    .....        (no amulet)
Stlth   +            (no ring)
HPRegen 0.24/turn    (no ring)
MPRegen 0.08/turn

%: no teleportation
@: lethally poisoned (0 -> -5), on berserk cooldown
A: rugged brown scales 1
a: Renounce Religion, Berserk, Trog's Hand


You were in the Dungeon.
You worshipped Trog.
Trog was pleased with you.
You visited 1 branch

Inventory:

Armour
 h - a +0 ring mail (worn)
Scrolls
 g - a scroll of blinking
Potions
 d - a potion of haste
 e - 2 potions of magic
 f - a potion of berserk rage


   Skills:
 + Level 4.0 Fighting
 + Level 3.0 Armour
 + Level 3.0 Dodging
 + Level 3.6 Unarmed Combat


You had one spell level left.
You didn't know any spells.
Your spell library was empty.

Dungeon Overview and Level Annotations

Branches:
Dungeon (1/1)

Altars:


Innate Abilities, Weirdness & Mutations

You are partially covered in rugged brown scales. (AC +1, +3% HP)


Message History

The scorpion is severely wounded.
You feel yourself speed up. The scorpion stings you.
You are poisoned.
The scorpion poisons you!
You closely miss the scorpion.
The scorpion is heavily wounded.
* * * LOW HITPOINT WARNING * * *
You feel sick.
The scorpion stings you but does no damage.
Unknown command.
You feel much better.
You feel sick.
The scorpion stings you but does no damage.
You barely miss the scorpion.
The scorpion is heavily wounded.
You feel sick. The scorpion misses you. The scorpion stings you.
You are more poisoned.
The scorpion poisons you!
You barely miss the scorpion.
The scorpion is heavily wounded.
You feel very sick. The scorpion barely misses you.
You completely miss the scorpion.
The scorpion is heavily wounded.
You feel very sick.
The scorpion stings you but does no damage.
You hit the scorpion but do no damage.
The scorpion is heavily wounded.
You feel very sick.
The scorpion stings you but does no damage.
You barely miss the scorpion.
The scorpion is heavily wounded.
* * * LOW HITPOINT WARNING * * *
You feel sick. The scorpion closely misses you.
Unknown command.
You hit the scorpion.
The scorpion is severely wounded.
* * * LOW HITPOINT WARNING * * *
You feel sick. The scorpion stings you.
You die...

▓▓▓▓ ▓<.#
+...♣♣♣♣ ▓..#
#....♣.
▓#'####.....♣
▓..†..#....~♣
▓.....#...~~♣♣♣
▓....)#..~~~~.♣♣
▓####'#s.~≈≈~~~.
▓.....#@~~≈~~~..
▓.[...#.~≈~~~...
▓.....#.~~~.....
▓'#####.........
▓...............
▓▓▓▓▓▓▓▓▓▓▓▓▓▓▓▓


You could see a scorpion.

Vanquished Creatures
  A human (D)
  An endoplasm (D)
  3 rats (D)
5 creatures vanquished.

Notes
Turn   | Place    | Note
-------+----------+-------------------------------------------
     0 | D        | fozzywoppz the Demonspawn Berserker began the quest for the
                  | Orb.
     0 | D        | Reached XP level 1. HP: 18/18 MP: 1/1
    32 | D        | Reached ** piety under Trog
    80 | D        | Reached skill level 4 in Fighting
    80 | D        | Gained mutation: You are partially covered in rugged brown
                  | scales. (AC +1, +3% HP) [demonic ancestry]
    80 | D        | Reached XP level 2. HP: 23/25 MP: 2/2
    96 | D        | Noticed a scorpion
   120 | D        | Slain by a scorpion

Illustrated notes

Levels and vault maps discovered:
D:        dungeon_sprint_mu [sprint_mu_entry_forest, sprint_mu_temple_rooms,
          sprint_mu_d1_horrors, sprint_mu_d2_genie, sprint_mu_d3_branching,
          sprint_mu_orc_legion, sprint_mu_elf_gauntlet, sprint_mu_hive_nellie,
          sprint_mu_lair_fedhas, sprint_mu_vaults_butterflies,
          sprint_mu_slime_circle, sprint_mu_swamp_cave, sprint_mu_snake_twists,
          sprint_mu_blade_basic, sprint_mu_crypt_lich, sprint_mu_tomb_spiral,
          sprint_mu_vestibule_basic, sprint_mu_gehenna_hellfire,
          sprint_mu_dis_giant, sprint_mu_tartarus_statrot,
          sprint_mu_cocytus_islands, sprint_mu_zot1]

Skill      XL: |  1 |
---------------+----+-----
Armour         | 3 |  3.0
Dodging        | 3 |  3.0
Unarmed Combat | 3 |  3.6
Fighting       | 4 |  4.0

Action                     || total
---------------------------++-------
  Melee: Unarmed           ||    41
 Invoke: Trog's Hand       ||     2
         Berserk           ||     1
    Use: Potion            ||     2
 Armour: Ring mail         ||    24
         Animal skin       ||     4
  Dodge: Dodged            ||    22

Table legend: (Time is in decaauts)
 A = Elapsed time spent in this place.
 B = Non-inter-level travel time spent in this place.
 C = Inter-level travel time spent in this place.
 D = Time resting spent in this place.
 E = Time spent auto-exploring this place.
 F = Levels seen in this place.
 G = Mean time per level.
                   A        B        C        D        E       F      G
               +--------+--------+--------+--------+--------+-----+--------+
         Total |    128 |    128 |      0 |     27 |      0 |   1 |  128.0 |
       Dungeon |    128 |    128 |      0 |     27 |      0 |   1 |  128.0 |
               +--------+--------+--------+--------+--------+-----+--------+

Top non-repeatable levels by time:
       D: 128 daAuts
